 Dungeon Crawl Stone Soup version 0.30-a0-726-gd89dcf765f (webtiles) character file.

Game seed: 2303719304426424326

20413 sokol815 the Nimble (level 12, 0/58 HPs)
             Began as a Vine Stalker Gladiator on Jan 29, 2023.
             Was an Initiate of Gozag.
             Killed by the air
             ... invoked by Gastronok
              (33 damage)
             ... on level 8 of the Dungeon on Jan 30, 2023.
             The game lasted 00:29:38 (11316 turns).

sokol815 the Nimble (Vine Stalker Gladiator)       Turns: 11316, Time: 00:29:38

Health: 0/58       AC: 17    Str: 17 (19) XL:     12   Next: 79%
Magic:  0/22       EV: 20    Int:  6 (7)  God:    Gozag
Gold:   2397       SH:  8    Dex: 15 (17) Spells: 11/11 levels left

rFire   . . .      SeeInvis +    a - +4 short sword (freeze)
rCold   + . .      Faith    .    o - +1 kite shield
rNeg    . . .      Spirit   +    N - +7 ring mail "Leoqaff" {Rampage rPois Int-3}
rPois   +          Reflect  .    c - +0 helmet
rElec   .          Harm     .    (no cloak)
rCorr   +          Rampage  +    I - +3 pair of gloves of Xom {rC+ rCorr MP+9}
Will    +....      Rage     3%   (no boots)
Stlth   +++++                    t - amulet "Rut Cong" {Acrobat Rampage SInv}
HPRegen 1.09/turn                (no ring)
MPRegen 0.18/turn                E - +5 ring of evasion

@: unable to read
A: fangs 3, regeneration 1, magic shield, antimagic bite, no potion heal 2,
berserk 1, inability to read after injury 1, sturdy frame 1
a: Renounce Religion, Potion Petition, Call Merchant, Bribe Branch


You were on level 8 of the Dungeon.
You worshipped Gozag.
Gozag was most pleased with you.
You visited 1 branch of the dungeon, and saw 13 of its levels.

You collected 2589 gold pieces.
You paid 192 gold pieces to Gozag.

Inventory:

Hand Weapons
 a - a +4 short sword of freezing (weapon)
   (You took it off a wight on level 7 of the Dungeon)
 b - a +2 dagger of venom
   (You took it off a kobold on level 2 of the Dungeon)
 i - a +2 flail of protection
   (You took it off an orc on level 4 of the Dungeon)
 l - a +3 spear of venom
   (You took it off a gnoll sergeant on level 5 of the Dungeon)
 m - a +1 rapier
 r - a +0 dagger of protection
   (You took it off a kobold on level 3 of the Dungeon)
 x - a +2 flail of holy wrath
   (You took it off an orc on level 7 of the Dungeon)
 C - a +3 spear of freezing
   (You took it off a wight on level 8 of the Dungeon)
 G - a +2 whip of flaming
   (You took it off Pikel on level 7 of the Dungeon)
 O - the +1 trident "Bin Esa" {flame, Dex+5}
   (You found it on level 10 of the Dungeon)

   Dex:       It affects your dexterity (+5).
Missiles
 e - a javelin
 n - 7 throwing nets {!d}
 s - 105 stones
 u - 22 poisoned darts (quivered)
 A - 6 curare-tipped darts
Armour
 c - a +0 helmet (worn)
 g - a scarf of harm
   (You found it on level 4 of the Dungeon)
 o - a +1 kite shield (worn)
   (You took it off a gnoll sergeant on level 5 of the Dungeon)
 p - a +2 leather armour of positive energy
   (You found it on level 1 of the Dungeon)
 I - the +3 pair of gloves of Xom (worn) {rC+ rCorr MP+9}
   (You found it on level 10 of the Dungeon)

   rC:        It protects you from cold.
   MP:        It affects your magic capacity (+9).
   rCorr:     It protects you from acid and corrosion.
 N - the +7 ring mail "Leoqaff" (worn) {Rampage rPois Int-3}
   (You found it on level 10 of the Dungeon)

   Int:       It affects your intelligence (-3).
   rPois:     It protects you from poison.
   Rampage:   It bestows one free step when moving towards enemies.
 S - a +0 tower shield
   (You found it on level 11 of the Dungeon)
Magical Staves
 z - a staff of death {rN+}
   (You found it on level 7 of the Dungeon)
 V - a staff of poison {rPois}
   (You found it on level 12 of the Dungeon)
Jewellery
 f - a ring of fire {rF+, rC-}
   (You found it on level 9 of the Dungeon)
 t - the amulet "Rut Cong" (around neck) {Acrobat Rampage SInv}
   (You acquired it on level 11 of the Dungeon)

   [amulet of the acrobat]

   It increases your evasion while moving and waiting.
   SInv:      It lets you see invisible.
   Rampage:   It bestows one free step when moving towards enemies.
 E - a +5 ring of evasion (right hand)
   (You found it on level 2 of the Dungeon)
Wands
 d - a wand of digging (11)
   (You found it on level 4 of the Dungeon)
 q - a wand of flame (30)
   (You found it on level 6 of the Dungeon)
 w - a wand of roots (10)
   (You found it on level 6 of the Dungeon)
 y - a wand of mindburst (31)
   (You found it on level 6 of the Dungeon)
 F - a wand of quicksilver (3)
   (You found it on level 8 of the Dungeon)
Scrolls
 h - a scroll of amnesia
 v - a scroll of fog
 D - 3 scrolls of blinking {!r}
 K - 7 scrolls of immolation {!r}
 Q - 2 scrolls of poison
 Y - 7 scrolls of teleportation {@r3}
Potions
 j - a potion of magic
 k - 4 potions of attraction {!q}
 B - 3 potions of brilliance
 H - 2 potions of cancellation
 J - 8 potions of curing {@q1}
 L - 4 potions of flight
 M - 2 potions of might
 P - 3 potions of lignification {!q}
 R - 4 potions of resistance
 T - a potion of berserk rage {!q}


   Skills:
 + Level 4.1 Fighting
 - Level 10.0 Short Blades
 - Level 1.7 Throwing
 + Level 12.1 Dodging
 - Level 12.0 Stealth
 * Level 5.2 Evocations


You had 11 spell levels left.
You didn't know any spells.
Your spell library contained the following spells:

 Spells                   Type           Power      Damage    Failure   Level
 Beastly Appendage        Tmut           0%         N/A       94%         1
 Wereblood                Tmut           0%         N/A       98%         2
 Inner Flame              Hex/Fire       0%         N/A       100%        3
 Spider Form              Tmut/Pois      0%         N/A       100%        3
 Flame Wave               Conj/Fire      0%         2d4       100%        4
 Sticky Flame             Conj/Fire      0%         2d3       100%        4


Dungeon Overview and Level Annotations

Branches:
Dungeon (13/15) Zot: 26450  Temple (0/1) D:7            Lair (0/5) D:8
    Orc (0/2) D:11
 Vaults: D:13-14

Altars:
Elyvilon
Gozag
Nemelex Xobeh
Okawaru
Ru
Sif Muna
Trog

Shops:
D:10 [

Portals:
Abyss: D:4
Trove: D:12 (give 17 scrolls of teleportation)

Annotations:
D:4 2 transporters, Hamu's ghost, amateur GnWn
D:8 Gastronok


Innate Abilities, Weirdness & Mutations

You have razor-sharp teeth.
Your natural rate of healing is unusually fast.
When hurt, damage is shared between your health and your magic reserves.
Your bite disrupts and absorbs the magic of your enemies.
Potions cannot restore your health.
You sometimes lose your temper in combat.
You occasionally lose the ability to read scrolls when taking damage.
Your movements are slightly less encumbered by armour. (ER -2)


Message History

You can read scrolls again.
You see here a +0 robe.
You start resting.
Health restored: 58
There is a stone staircase leading down here.
You see here a +0 robe.
You don't know any spells.
You climb downwards.
Level annotation: Gastronok The river rat bites you but does no damage.
There is a stone staircase leading up, spattered with blood here.
The river rat completely misses you.
You climb upwards.
There is a stone staircase leading down here.
You see here a +0 robe.
You puncture the river rat! You freeze the river rat.
You kill the river rat!
No target in view!
No target in view!
You now have 2392 gold pieces (gained 6).
You see here a +0 robe.
There is a stone staircase leading down here.
You see here a +0 robe.
You climb downwards.
Level annotation: Gastronok
There is a stone staircase leading up, spattered with blood here.
You hit the river rat. You freeze the river rat.
Your bite misses the river rat. You closely miss the river rat.
You block the river rat's attack.
You hit the river rat. You freeze the river rat.
You kill the river rat!
No target in view!
No target in view!
You now have 2397 gold pieces (gained 5).
You see here a +0 whip.
Found a staircase to the Lair.
You see here 8 gold pieces.
You see here 7 gold pieces.
Aim: Gastronok, wearing a +2 hat of intelligence (wandering, hasn't noticed you, chance to affect: 33%)
Okay, then.
Aim: Gastronok, wearing a +2 hat of intelligence (wandering, hasn't noticed you, 100% to hit)
The bolt of dispelling energy hits Gastronok!
Aim: Gastronok, wearing a +2 hat of intelligence (lightly wounded, 100% to hit)
The bolt of dispelling energy hits Gastronok!
Gastronok gurgles, "A snack!
A snack!"
Gastronok waves his eye-stalks in wide circles.
The air twists around and strikes you!!
You take 17 damage, and have 41/58 hp.
MASSIVE DAMAGE!!
You now have 15/22 mp.
Here: Gastronok, wearing a +2 hat of intelligence (lightly wounded)
The floor.
Unknown command.
Aim: Gastronok, wearing a +2 hat of intelligence (lightly wounded, 100% to hit)
The bolt of dispelling energy hits Gastronok!
Aim: Gastronok, wearing a +2 hat of intelligence (moderately wounded, chance to affect: 33%) Gastronok easily resists.
Gastronok casts a spell.
Gastronok puts on a burst of speed!
Aim: Gastronok, wearing a +2 hat of intelligence (moderately wounded, covering ground quickly, chance to affect: 33%) Gastronok easily resists.
The roots erupt in riotous growth!
Roots grab Gastronok.
The grasping roots constrict Gastronok.
Gastronok struggles to escape constriction.
The grasping roots constrict Gastronok.
The roots release their grip on Gastronok.
You regained 2 hp, and now have 47/58 hp.
Aim: Gastronok, wearing a +2 hat of intelligence (moderately wounded, covering ground quickly)
The roots erupt in riotous growth!
Roots grab Gastronok.
The grasping roots constrict Gastronok.
You feel a sudden, passing aversion to salt.
Throw: 25 darts (poison)
Aim: Gastronok, wearing a +2 hat of intelligence (moderately wounded, covering ground quickly, constricted by roots, 98% to hit)
You throw a poisoned dart. The poisoned dart hits Gastronok.
The grasping roots constrict Gastronok!
Throw: 24 darts (poison)
Aim: Gastronok, wearing a +2 hat of intelligence (moderately wounded, covering ground quickly, constricted by roots, 98% to hit)
You throw a poisoned dart. The poisoned dart hits Gastronok.
Gastronok is poisoned.
The grasping roots constrict Gastronok!
Gastronok waves his eye-stalks in wide circles.
The air twists around and strikes you!!
You take 17 damage, and have 32/58 hp.
MASSIVE DAMAGE!!
You now have 10/22 mp.
Throw: 23 darts (poison)
Aim: Gastronok, wearing a +2 hat of intelligence (heavily wounded, covering ground quickly, poisoned, constricted by roots, 98% to hit)
You throw a poisoned dart. The poisoned dart hits Gastronok.
Gastronok looks even sicker.
The grasping roots constrict Gastronok.
The roots release their grip on Gastronok.
Gastronok gurgles, "I bet you'll be tasty."
Gastronok waves his eye-stalks in wide circles.
The air twists around and strikes you!!!
You feel threatened and lose the ability to read scrolls!
Ouch! That really hurt!
You die...
Your body crumbles into a pile of gold.

#.............##.......
.....#........###........
......###.......##.........
.##.......##.....##........
..........................
.#.........................
...#w.....................
#.......$.....?.........
.>.#..@#$).............
........$$.........<....
....Y........#....##......#..
##............####).#[....##..
##..........#.#.###.........>..
...................#.#..).#...
#.$.....#.........##.#..###...
#...####........##..........
##..............##..........


You could see Gastronok (swift, very poisoned).

Vanquished Creatures
  Harold (D:11)
  A vault guard (D:12)
  A boulder beetle (D:12)
  A centaur warrior (D:12)
  4 two-headed ogres
  3 death yaks (D:7)
  An obsidian statue (D:9)
  Pikel (D:7)
  2 manticores (D:12)
  A cyclops (D:12)
  2 gargoyles
  2 unseen horrors
  2 kobold demonologists (D:8)
  2 trolls
  2 hornets
  2 vampires
  A wraith (D:9)
  26 yaks
  A steam dragon (D:5)
  3 vampire mosquitoes (D:12)
  Menkaure (D:4)
  2 water moccasins (D:7)
  2 orc warriors
  2 black bears
  2 sky beasts (D:7)
  3 ice beasts (D:7)
  12 centaurs
  A lemure (D:7)
  6 kobold brigands
  4 bullfrogs
  A gnoll sergeant (D:5)
  5 scorpions
  A necrophage (D:6)
  5 wights
  5 killer bees (D:7)
  4 howler monkeys
  5 hounds
  5 orc priests
  A gnoll bouda (D:3)
  An iguana (D:6)
  Jessica (D:2)
  Terence (D:2)
  2 hell rats (D:8)
  4 orc wizards
  Natasha (thrice) (D:2)
  Robin (D:1)
  16 gnolls
  7 adders
  2 river rats
  2 white imps (D:6)
  2 ufetubi
  3 worms
  A dart slug (D:1)
  23 orcs
  9 ball pythons
  5 bats
  13 endoplasms
  3 giant cockroaches
  15 goblins
  17 hobgoblins
  8 quokkas
  A frilled lizard (D:1)
  25 kobolds
  6 rats
297 creatures vanquished.

Vanquished Creatures (others)
  An orc wizard (D:5)
  A hobgoblin (D:2)
  2 fungi (D:9)
4 creatures vanquished.

Grand Total: 301 creatures vanquished

Notes
Turn   | Place    | Note
-------+----------+-------------------------------------------
     0 | D:1      | sokol815 the Vine Stalker Gladiator began the quest for the
                  | Orb.
     0 | D:1      | Reached XP level 1. HP: 11/11 MP: 2/2
    68 | D:1      | Reached skill level 3 in Short Blades
    79 | D:1      | Reached XP level 2. HP: 8/15 MP: 3/3
   444 | D:1      | Reached XP level 3. HP: 10/18 MP: 2/4
   582 | D:1      | Reached skill level 4 in Short Blades
   884 | D:2      | Noticed Robin
   963 | D:1      | Gained mutation: Your natural rate of healing is unusually
                  | fast. [Vine Stalker growth]
   963 | D:1      | Reached XP level 4. HP: 13/23 MP: 3/5
  1009 | D:1      | Killed Robin
  1078 | D:2      | Noticed Natasha
  1086 | D:2      | Killed Natasha
  1125 | D:2      | Noticed Natasha
  1131 | D:2      | Killed Natasha
  1132 | D:2      | Reached skill level 5 in Short Blades
  1132 | D:2      | Reached XP level 5. HP: 26/26 MP: 6/6
  1182 | D:2      | Noticed Natasha
  1187 | D:2      | Killed Natasha
  1241 | D:2      | Noticed Terence
  1242 | D:2      | Noticed Jessica
  1261 | D:2      | Killed Terence
  1262 | D:2      | Reached skill level 1 in Stealth
  1271 | D:2      | Killed Jessica
  1272 | D:2      | Reached skill level 2 in Stealth
  1368 | D:2      | Reached XP level 6. HP: 28/30 MP: 7/7
  1657 | D:3      | Found a bloodstained altar of Trog.
  1698 | D:3      | Reached skill level 3 in Stealth
  1753 | D:3      | Noticed a black bear
  1766 | D:3      | Killed a black bear
  1808 | D:3      | Reached skill level 4 in Stealth
  1826 | D:3      | Reached XP level 7. HP: 22/34 MP: 5/8
  1910 | D:3      | Reached skill level 3 in Dodging
  1959 | D:3      | Found an opulent altar of Gozag.
  1976 | D:3      | Became a worshipper of Gozag Ym Sagoz the Greedy
  2214 | D:3      | Found a white marble altar of Elyvilon.
  2215 | D:3      | Found a sparkling altar of Nemelex Xobeh.
  2322 | D:4      | Found a one-way gate to the infinite horrors of the Abyss.
  2322 | D:4      | Noticed Hamu's ghost (amateur GnWn)
  2322 | D:4      | Noticed a small abomination
  2325 | D:4      | Noticed Menkaure
  2397 | D:4      | Reached skill level 6 in Short Blades
  2451 | D:4      | Reached skill level 5 in Stealth
  2476 | D:4      | Killed Menkaure
  2602 | D:4      | Found a transporter.
  2635 | D:4      | Found a transporter.
  2792 | D:4      | Noticed an ancient zyme
  2909 | D:5      | Entered Level 5 of the Dungeon
  2921 | D:5      | Noticed a yak
  2933 | D:5      | Reached skill level 6 in Stealth
  2936 | D:5      | Noticed a yak
  2944 | D:5      | Noticed a yak
  2952 | D:5      | Gained mutation: You have razor-sharp teeth. [Vine Stalker
                  | growth]
  2952 | D:5      | Reached XP level 8. HP: 38/38 MP: 9/9
  2967 | D:5      | Killed a yak
  2968 | D:5      | Reached skill level 7 in Stealth
  2971 | D:5      | HP: 9/38 [yak (9)]
  2979 | D:5      | HP: 9/38 [yak (9)]
  2984 | D:4      | HP: 7/38 [yak (2)]
  2986 | D:4      | Killed a yak
  2987 | D:4      | Reached skill level 4 in Dodging
  3266 | D:5      | Killed a yak
  3267 | D:5      | Reached skill level 7 in Short Blades
  3267 | D:5      | Reached skill level 8 in Stealth
  3651 | D:5      | Reached XP level 9. HP: 42/42 MP: 8/10
  3663 | D:5      | Reached skill level 5 in Dodging
  4582 | D:6      | Reached skill level 8 in Short Blades
  5143 | D:7      | Reached skill level 6 in Dodging
  5432 | D:7      | Found a staircase to the Ecumenical Temple.
  5548 | D:7      | Reached skill level 9 in Short Blades
  5918 | D:8      | Reached XP level 10. HP: 46/46 MP: 11/11
  6057 | D:8      | Reached skill level 7 in Dodging
  6112 | D:8      | Noticed a death yak
  6114 | D:8      | Noticed a death yak
  6281 | D:8      | Noticed Pikel
  6334 | D:7      | Killed Pikel
  6335 | D:7      | Reached skill level 9 in Stealth
  6512 | D:8      | Found a shimmering blue altar of Sif Muna.
  6541 | D:8      | Noticed a death yak
  6658 | D:9      | Noticed a two-headed ogre
  6659 | D:9      | Killed a two-headed ogre
  6660 | D:9      | Reached skill level 10 in Stealth
  6663 | D:9      | Noticed an obsidian statue
  6857 | D:9      | HP: 8/46 [orc priest/divine providence (11)]
  6887 | D:9      | Noticed a kobold demonologist
  6888 | D:9      | Noticed a kobold demonologist
  6894 | D:9      | Noticed a sixfirhy
  6925 | D:8      | Noticed an orange demon
  6932 | D:8      | Noticed a sun demon
  6933 | D:8      | Killed a kobold demonologist
  6978 | D:8      | Killed a kobold demonologist
  7021 | D:9      | Reached skill level 11 in Stealth
  7037 | D:9      | Found an iron altar of Okawaru.
  7159 | D:9      | Reached skill level 10 in Short Blades
  7445 | D:9      | Noticed a two-headed ogre
  7448 | D:9      | HP: 8/46 [two-headed ogre/+0 giant club (12)]
  7532 | D:9      | Killed a two-headed ogre
  7533 | D:9      | Reached skill level 8 in Dodging
  7533 | D:9      | Reached XP level 11. HP: 43/50 MP: 12/12
  7656 | D:9      | Reached skill level 12 in Stealth
  7942 | D:10     | Entered Level 10 of the Dungeon
  7944 | D:10     | Noticed a two-headed ogre
  7955 | D:9      | Killed a two-headed ogre
  7966 | D:9      | Paralysed by a hornet for 1 turns
  7968 | D:9      | HP: 9/50 [hornet (11)]
  8118 | D:10     | Reached skill level 9 in Dodging
  8142 | D:10     | Identified the +3 pair of gloves of Xom {rC+ rCorr MP+9}
  8244 | D:10     | Identified the +7 ring mail "Leoqaff" {Rampage rPois Int-3}
  8476 | D:10     | Found a sacrificial altar of Ru.
  8564 | D:10     | Identified the +1 trident "Bin Esa" {flame, Dex+5}
  8779 | D:10     | Found Enloim's Armour Shoppe.
  9054 | D:11     | Reached skill level 10 in Dodging
  9082 | D:11     | Identified a scroll of acquirement
  9082 | D:11     | Acquired the amulet "Rut Cong" {Acrobat Rampage SInv}
  9419 | D:11     | Found a staircase to the Orcish Mines.
  9660 | D:11     | Noticed Harold
  9663 | D:11     | Killed Harold
  9736 | D:12     | Noticed a centaur warrior
  9745 | D:12     | Noticed a manticore
  9754 | D:12     | Reached skill level 11 in Dodging
  9761 | D:12     | Killed a centaur warrior
  9762 | D:12     | Reached XP level 12. HP: 45/54 MP: 13/13
  9927 | D:12     | Reached skill level 2 in Fighting
  9927 | D:12     | Reached skill level 1 in Evocations
 10041 | D:12     | Noticed a boulder beetle
 10052 | D:12     | Noticed a two-headed ogre
 10065 | D:12     | Reached skill level 2 in Evocations
 10080 | D:12     | Killed a two-headed ogre
 10105 | D:12     | Reached skill level 3 in Evocations
 10148 | D:12     | Killed a boulder beetle
 10149 | D:12     | Reached skill level 3 in Fighting
 10505 | D:12     | Noticed a vault guard
 10542 | D:12     | Killed a vault guard
 10543 | D:12     | Reached skill level 4 in Evocations
 10584 | D:12     | Found a portal to a secret trove of treasure.
 10936 | D:9      | Gained mutation: You occasionally lose the ability to read
                  | scrolls when taking damage. [a neqoxec]
 10940 | D:9      | Gained mutation: Your movements are slightly less
                  | encumbered by armour. (ER -2) [a neqoxec]
 10947 | D:9      | Gained mutation: You sometimes lose your temper in combat.
                  | [a neqoxec]
 10959 | D:9      | Reached skill level 12 in Dodging
 11046 | D:8      | Noticed Gastronok
 11116 | D:7      | Killed a death yak
 11217 | D:7      | Killed a death yak
 11218 | D:7      | Reached skill level 4 in Fighting
 11251 | D:7      | Killed a death yak
 11252 | D:7      | Reached skill level 5 in Evocations
 11304 | D:8      | Found a staircase to the Lair.
 11316 | D:8      | Killed from afar by Gastronok

Illustrated notes

Levels and vault maps discovered:
D:1:      lemuel_arrival_funnel, layout_loops_cross
D:2:      layout_rooms, uniq_robin, uniq_jessica, uniq_natasha, uniq_terence
D:3:      layout_basic, general_overflow_altar, nicolae_gozag_seed_capital,
          mainiacjoe_overflow_divided_tiny
D:4:      layout_cave_pools, gammafunk_ghost_abyssal_escape,
          minmay_misc_feat_tiny, uniq_menkaure
D:5:      layout_basic, minmay_chambers_of_fives
D:6:      layout_basic, minmay_fractal_squares_diagonal_5
D:7:      layout_basic, lemuel_temple_firewalk_a
D:8:      layout_cave_pools, lemuel_blue_sif_altar, dpeg_lair_monsters,
          uniq_gastronok, uniq_pikel
D:9:      layout_basic, mainiacjoe_overflow_boulevard, minivault_16,
          kennysheep_generic_room_13
D:10:     layout_irregular_city, nicolae_ru_path_of_blood, serial_shops, shop
D:11:     layout_irregular_city, orc_0_dummy, uniq_harold
D:12:     layout_basic, enter_trove_5
D:13:     lemuel_slime, layout_small_grid, chequers_decorated_corner,
          uniq_jorgrun

Skill      XL: |  1  2  3  4  5  6  7  8  9 10 11 12 |
---------------+-------------------------------------+-----
Short Blades   | 3 4 5 6 7 9 10 | 10.0
Stealth        | 2 4 6 8 11 12 | 12.0
Dodging        | 3 4 6 8 11 12 | 12.1
Fighting       | 4 |  4.1
Evocations     | 5 |  5.2
Throwing       | |  1.7

Action                     |  1- 3 |  4- 6 |  7- 9 | 10-12 || total
---------------------------+-------+-------+-------+-------++-------
  Melee: Rapier            |    96 |   157 |   432 |    33 ||   718
         Bite              |    13 |    48 |   128 |   300 ||   489
         Punch             |     1 |     1 |       |       ||     2
         Short sword       |       |       |       |   695 ||   695
         Dagger            |       |       |       |    16 ||    16
         Flail             |       |       |       |     3 ||     3
  Throw: Javelin           |     1 |       |       |       ||     1
         Dart              |       |       |     2 |     3 ||     5
         Throwing net      |       |       |     1 |       ||     1
 Invoke: Potion Petition   |       |       |       |     1 ||     1
  Evoke: Wand              |       |       |       |    25 ||    25
    Use: Scroll            |       |       |    16 |     7 ||    23
         Potion            |       |       |       |     4 ||     4
   Stab: Sleeping          |     5 |     3 |    11 |    20 ||    39
         Distracted        |       |     1 |     4 |     2 ||     7
         Held in net/web   |       |       |     1 |       ||     1
 Armour: Leather armour    |    39 |    24 |    70 |    46 ||   179
         Ring mail         |       |       |       |    75 ||    75
  Dodge: Dodged            |    56 |   164 |   370 |   438 ||  1028
  Block: Kite shield       |       |       |    89 |   270 ||   359

Table legend: (Time is in decaauts)
 A = Elapsed time spent in this place.
 B = Non-inter-level travel time spent in this place.
 C = Inter-level travel time spent in this place.
 D = Time resting spent in this place.
 E = Time spent auto-exploring this place.
 F = Levels seen in this place.
 G = Mean time per level.
                   A        B        C        D        E       F      G
               +--------+--------+--------+--------+--------+-----+--------+
         Total |  11113 |  10554 |    559 |    548 |   7382 |  13 |  854.8 |
       Dungeon |  11113 |  10554 |    559 |    548 |   7382 |  13 |  854.8 |
               +--------+--------+--------+--------+--------+-----+--------+

Top non-repeatable levels by time:
     D:9: 1335 daAuts
     D:7: 1118 daAuts
     D:6: 1096 daAuts
     D:5: 1030 daAuts
    D:12: 1027 daAuts
     D:1: 999 daAuts
    D:10: 926 daAuts
     D:8: 829 daAuts
     D:3: 823 daAuts
    D:11: 760 daAuts
     D:4: 657 daAuts
     D:2: 506 daAuts
    D:13: 1 daAuts

Table legend:
 A = Kills in this place as a percentage of kills in entire the game.
 B = Kills by you in this place as a percentage of kills by you in the entire game.
 C = Kills by friends in this place as a percentage of kills by friends in the entire game.
 D = Other kills in this place as a percentage of other kills in the entire game.
 E = Experience gained in this place as a percentage of experience gained in the entire game.
 F = Experience gained in this place divided by the number of levels of this place that you have seen.
                   A       B       C       D       E      F
               +-------+-------+-------+-------+-------+----------------------
         Total | 100.0 | 100.0 |   N/A | 100.0 | 100.0 | 2243.2
       Dungeon | 100.0 | 100.0 |   N/A | 100.0 | 100.0 | 2243.2
               +-------+-------+-------+-------+-------+----------------------
